 Dungeon Crawl Stone Soup version 0.30-a0-591-g3c58d2bc28 (webtiles) character file.

Game seed: 5859615268489665816

10741 kae the Transmogrifier (level 11, -16/94 HPs)
             Began as a Red Draconian Transmuter on Jan 5, 2023.
             Was a Believer of Ru.
             Demolished by a death yak (20 damage)
             ... on level 10 of the Dungeon.
             The game lasted 00:15:18 (11518 turns).

kae the Transmogrifier (Red Draconian Transmuter)  Turns: 11518, Time: 00:15:18

Health: -16/94     AC: 10    Str: 14    XL:     11   Next: 40%
Magic:  21/21      EV: 10    Int: 22    God:    Ru [**....]
Gold:   1760       SH:  5    Dex: 12    Spells: 12/24 levels left

rFire   x . .      SeeInvis .      - Unarmed
rCold   + + +      Faith    .    (shield currently unavailable)
rNeg    . . .      Spirit   .    (body armour unavailable)
rPois   +          Reflect  +    (helmet currently unavailable)
rElec   .          Harm     .    (cloak currently unavailable)
rCorr   .          Rampage  .    (gloves currently unavailable)
Will    .....                    (boots currently unavailable)
Stlth   +                        b - amulet of reflection
HPRegen 0.35/turn                P - ring of poison resistance
MPRegen 0.17/turn                I - +6 ring of intelligence

@: ice-form (expiring), wereblooded
A: freezing attack, amphibious, boosted hp, (breathe fire), AC +7, large,
unfitting armour, (fire resistance 1), (cold-blooded), inability to use devices
a: End Transformation, Renounce Religion


You were on level 10 of the Dungeon.
You worshipped Ru.
Ru was pleased with you.
You were a creature of crystalline ice.
You visited 2 branches of the dungeon, and saw 11 of its levels.
You also visited: Sewer and Bailey.

You collected 1760 gold pieces.


Innate Abilities, Weirdness & Mutations

You are a creature of crystalline ice.
You have a powerful freezing melee attack.
You are amphibious.
Your maximum health is increased.
Your armour is entirely melded.
You are incapable of wielding weapons or throwing items.
((You can breathe blasts of fire.))
((Your fiery red scales are hard. (AC +7)))
You cannot fit into any form of body armour.
((Your flesh is heat resistant. (rF+)))
((You are cold-blooded and may be slowed by cold attacks.))
You cannot study or use magical devices.


   Skills:
 + Level 1.8 Fighting
 + Level 2.2 Dodging
 * Level 8.3 Unarmed Combat
 + Level 7.1 Spellcasting
 * Level 11.0 Transmutations
 - Level 8.1 Ice Magic


You had 12 spell levels left.
You knew the following spells:

 Your Spells              Type           Power      Damage    Failure   Level
a - Beastly Appendage     Tmut           100%       N/A       1%          1
b - Wereblood             Tmut           54%        N/A       1%          2
c - Spider Form           Tmut/Pois      32%        N/A       2%          3
d - Ice Form              Ice/Tmut       50%        N/A       1%          4
e - Blink                 Tloc           14%        N/A       12%         2

Your spell library contained the following spells:

 Spells                   Type           Power      Damage    Failure   Level
 Sting                    Tmut/Pois      100%       1d8       1%          1
 Summon Small Mammal      Summ           28%        N/A       9%          1
 Cigotuvi's Dreadful Rot  Necr/Pois/Air  14%        N/A       12%         2
 Momentum Strike          Conj/Tloc      14%        3d8       12%         2
 Poisonous Vapours        Pois/Air       14%        N/A       12%         2
 Call Canine Familiar     Summ           7%         N/A       24%         3
 Gell's Gravitas          Tloc           7%         N/A       24%         3
 Inner Flame              Hex/Fire       7%         N/A       24%         3
 Lesser Beckoning         Tloc           14%        N/A       24%         3
 Mephitic Cloud           Conj/Pois/Air  7%         N/A       24%         3
 Summon Guardian Golem    Hex/Summ       7%         N/A       24%         3
 Teleport Other           Tloc           7%         N/A       24%         3
 Cause Fear               Hex            3%         N/A       63%         4
 Olgreb's Toxic Radiance  Pois           7%         N/A       63%         4
 Fireball                 Conj/Fire      3%         3d4       92%         5
 Iskenderun's Battlesphe  Conj           7%         2d6       92%         5
 Conjure Ball Lightning   Conj/Air       3%         3x3d6     100%        6
 Orb of Destruction       Conj           3%         9d5       100%        7
 Discord                  Hex            3%         N/A       100%        8

Inventory:

Hand Weapons
 d - the +8 mithril axe "Arga" {speed, Will+}
   (You found it on level 7 of the Dungeon)

   Will:      It increases your willpower.
Missiles
 e - 118 stones
 l - 10 boomerangs
 v - 31 poisoned darts
 x - 5 boomerangs of dispersal {=f!f}
 y - a throwing net {=f!f}
 A - 2 curare-tipped darts {=f}
Jewellery
 b - an amulet of reflection (around neck)
   (You found it on level 2 of the Dungeon)
 C - a ring of ice
   (You found it on level 8 of the Dungeon)
 I - a +6 ring of intelligence (right front paw)
   (You found it on level 3 of the Dungeon)
 P - a ring of poison resistance (left front paw)
   (You found it on level 2 of the Dungeon)
Wands
 g - a wand of polymorph (6)
   (You found it on level 8 of the Dungeon)
 r - a wand of paralysis (4)
   (You found it on level 5 of the Dungeon)
 t - a wand of mindburst (23)
   (You took it off a gnoll on level 5 of the Dungeon)
Scrolls
 c - 5 scrolls of teleportation {@r4}
 h - 4 scrolls of enchant weapon
 i - 2 scrolls of identify {@r1}
 j - a scroll of butterflies
 p - 2 scrolls of poison
 s - 2 scrolls of fog
 u - a scroll of vulnerability {!r!r}
Potions
 a - 3 potions of lignification {!q}
 f - a potion of attraction {!q}
 k - 7 potions of curing {@q1}
 m - a potion of heal wounds {@q2}
 n - 4 potions of haste {@q3}
 o - 2 potions of ambrosia
 q - a potion of cancellation
 w - 2 potions of degeneration {!q}
 z - 2 potions of might

Dungeon Overview and Level Annotations

Branches:
Dungeon (10/15) Zot: 26889  Temple (1/1) D:6 Zot: 5908    Lair (0/5) D:10
  Sewer (visited)          Bailey (visited)
    Orc: D:9-12

Altars:
Ashenzari
Cheibriados
Dithmenos
Elyvilon
Fedhas
Gozag
Hepliaklqana
Kikubaaqudgha
Makhleb
Nemelex Xobeh
Okawaru
Qazlal
Ru
Sif Muna
Trog
Uskayaw
Vehumet
Wu Jian
Xom
Yredelemnul
Zin
The Shining One

Shops:
D:5 =(

Annotations:
D:4 Edmund
D:9 2 transporters, ma3's ghost, novice DjHs

##...#...... #....#..=.#
##. #........# #.. ###
#...rr...# #.# #.. #.r..#
#.# #.# ##.### #.# #.#####
#.rr#######.# #......
##r#Y##...#.####..##.#
#.....###Y.###........##.#
#!..## #.#.#.....###.###.#
### #.##.#.#.#..........
#. ##...######.###.# #
##.# #.# #.. #.# #.# #..
#.# #.. ... #. ### #.


You could see a death yak, a quokka and a rat.


Message History

The hell rat attacks as you move away! The hell rat bites you!
You feel drained. The river rat attacks as you move away!
The river rat bites you but does no damage.
The death yak gores you. 😕 HP[-12]
You now have 90 max hp (-2).
You take 12 damage, and now have 80/90 hp. 😕 MP[+1]
The quokka twitches its whiskers.
The death yak snorts and paws the ground.
The death yak gores you.
You see here a hell rat corpse.
You see here a hell rat corpse.
The death yak attacks as you move away! The death yak gores you. 😕 HP[-1]
You take 1 damage, and now have 79/90 hp.
Casting: Ice Form (mildly dangerous; 1% risk of failure)
Confirm with . or Enter, or press ? or * to list all spells.
Your blood is infused with primal strength.
The death yak gores you but does no damage.
The death yak gores you but does no damage. 😕 HP[+1] MP[-1]
You lost 1 mp, and now have 19/21 mp.
You punch the death yak! You freeze the death yak.
The death yak gores you! 😕 HP[-7]
You take 7 damage, and now have 73/90 hp.
You hit the death yak. You freeze the death yak.
The death yak gores you. 😕 HP[-2]
You take 2 damage, and now have 71/90 hp.
You hit the death yak. You freeze the death yak. You pummel the death yak!!
You freeze the death yak. The death yak gores you! 😮 HP[-10]
You take 10 damage, and now have 61/90 hp.
You punch the death yak! You freeze the death yak.
The death yak closely misses you. 😮 HP[+1] Unknown command.
You punch the death yak! You freeze the death yak!
You feel a bit better.
You kill the death yak!
You feel your intelligence returning.
Your life force feels restored.
Your Dodging skill increases to level 2! 😮 HP[+2] MP[+1]
You now have 93 max hp (+3).
You regained 2 hp, and now have 64/93 hp.
You punch the death yak! You freeze the death yak.
The death yak gores you but does no damage.
You punch the death yak! You freeze the death yak.
The death yak closely misses you.
Unknown command.
You punch the death yak! You freeze the death yak. The death yak gores you!!
* * * LOW HITPOINT WARNING * * *
😨 HP[-20]
You take 20 damage, and now have 44/93 hp.
MASSIVE DAMAGE!! (PAUSE)
You punch the death yak! You freeze the death yak. 😨 HP[+1]
You punch the death yak! You freeze the death yak.
Your transformation is almost over.
The death yak snorts and paws the ground.
The death yak gores you!!
* * * LOW HITPOINT WARNING * * *
😨 HP[-21]
You take 21 damage, and now have 24/93 hp.
MASSIVE DAMAGE!! (PAUSE)
You hit the death yak. You freeze the death yak.
The death yak is stunned by your conviction and fails to attack.
You hit the death yak. You freeze the death yak.
The death yak is stunned by your conviction and fails to attack. 😨 HP[+1] MP[+1]
Your mp is fully restored (21).
You pummel the death yak!! You freeze the death yak.
You feel a bit better.
You kill the death yak!
You feel your intelligence returning.
Your Transmutations skill increases to level 11!
Unknown command. 😨 HP[+2]
You now have 94 max hp (+1).
You regained 2 hp, and now have 27/94 hp.
You pummel the death yak!! You freeze the death yak.
You howl as the wereblood boils in your veins!
The death yak gores you but does no damage. 😨 HP[+1]
You hit the death yak. You freeze the death yak.
You block the death yak's attack.
Unknown command.
You punch the death yak! You freeze the death yak. The death yak gores you!
* * * LOW HITPOINT WARNING * * *
😱 HP[-8]
You take 8 damage, and now have 20/94 hp.
You punch the death yak! You freeze the death yak.
Unknown command.
You completely miss the death yak.
You howl as the wereblood boils in your veins!
The death yak gores you!
* * * LOW HITPOINT WARNING * * *
😱 HP[-16]
You take 16 damage, and now have 4/94 hp.
You hit the death yak. You freeze the death yak. The death yak gores you!!
You die...

Skill      XL: |  1  2  3  4  5  6  7  8  9 10 11 |
---------------+----------------------------------+-----
Transmutations | 3 4 5 6 7 9 10 11 | 11.0
Spellcasting   | 3 4 5 6 7 |  7.1
Unarmed Combat | 4 5 6 7 8 |  8.3
Ice Magic      | 1 2 3 4 6 7 8 |  8.1
Dodging        | 2 |  2.2
Fighting       | |  1.8

Action                   |  1- 3 |  4- 6 |  7- 9 | 10-12 || total
-------------------------+-------+-------+-------+-------++-------
Melee: Unarmed           |    80 |   150 |   264 |   237 ||   731
       Headbutt          |    11 |       |       |       ||    11
       Kick              |    15 |     2 |       |       ||    17
       Tailslap          |     8 |     1 |       |       ||     9
       Punch             |     1 |     1 |       |       ||     2
 Cast: Beastly Appendage |    20 |     3 |     1 |       ||    24
       Spider Form       |       |    19 |     2 |       ||    21
       Ice Form          |       |     5 |    29 |    25 ||    59
       Wereblood         |       |       |    11 |     5 ||    16
Invok: Sacrifice Artific |       |       |       |     1 ||     1
 Abil: Breathe Fire      |       |       |       |     1 ||     1
Evoke: Wand              |       |       |     8 |       ||     8
  Use: Scroll            |     6 |     1 |     7 |     4 ||    18
       Potion            |       |     7 |     1 |       ||     8
 Stab: Sleeping          |     1 |       |       |       ||     1
       Paralysed         |       |       |     4 |       ||     4
       Distracted        |       |       |       |     1 ||     1
       Invisible         |       |       |       |     1 ||     1
Armor: Skin              |    28 |    15 |    56 |    56 ||   155
Dodge: Dodged            |    56 |   114 |   127 |    68 ||   365
Block: Other             |    10 |    39 |    55 |    37 ||   141
       Reflection        |       |       |     1 |     5 ||     6

Levels and vault maps discovered:
D:1:      minmay_arrival_doors, layout_basic, basic_ecumenical_altar
D:2:      layout_basic, serial_forest, infiniplex_forest_corner_2,
          infiniplex_forest_lined_room_2, infiniplex_forest_lined_3_way,
          infiniplex_forest_lined_corner, infiniplex_forest_straight_3,
          infiniplex_forest_lined_2, infiniplex_forest_lined_1,
          infiniplex_forest_clump_tiny
D:3:      layout_rooms, grunt_temple_overflow_order_and_chaos_2,
          chequers_temple_overflow_statue_of_worship, minmay_quantized,
          uniq_jessica
D:4:      layout_cave_pools, portal_sewer_entry_f, uniq_edmund
D:5:      layout_rooms, lemuel_crystal_altar, mainiacjoe_overflow_tiny_flanked,
          serial_shops, nicolae_lakefront_shop, minmay_misc_feat_more_columns,
          kennysheep_cross_bottleneck, nicolae_shop_firing_range
D:6:      layout_loops_corners, minmay_temple_entry_drinking_statues
D:7:      layout_basic, enter_bailey_2, minmay_misc_feat_plants,
          hangedman_misty_isle
D:8:      layout_loops_ring, xom_teletrap_fun, fedhas_altar_fruit_tree,
          hellmonk_guarded_unrand_night, uniq_joseph, uniq_grum
D:9:      layout_roguey, mainiacjoe_overflow_small_starburst,
          gammafunk_ghost_wrathful_warriors, eino_tiny_chamber,
          dilly_guarded_unrand_throatcut
D:10:     layout_loops_ring, dpeg_lair_monsters, biasface_ghost_orc_armoury
Temple:   chequers_temple_sunken

Notes
Turn   | Place    | Note
-------+----------+-------------------------------------------
     0 | D:1      | kae the Draconian Transmuter began the quest for the Orb.
     0 | D:1      | Reached XP level 1. HP: 16/16 MP: 3/3
     0 | D:1      | magus.rc [v1.11.3]
   183 | D:1      | Reached XP level 2. HP: 15/23 MP: 3/5
   290 | D:1      | You pick up a book of Displacement and begin reading...
   290 | D:1      | You add the spells Lesser Beckoning, Gell's Gravitas and
                  | Teleport Other to your library.
   611 | D:1      | Found a faded altar of an unknown god.
   970 | D:2      | Reached XP level 3. HP: 28/28 MP: 4/6
   973 | D:2      | Learned a level 2 spell: Wereblood
   977 | D:2      | Learned a level 3 spell: Spider Form
  1169 | D:2      | Reached skill level 3 in Transmutations
  1382 | D:2      | You pick up a book of Callings and begin reading...
  1382 | D:2      | You add the spells Summon Small Mammal, Call Canine
                  | Familiar and Summon Guardian Golem to your library.
  2026 | D:3      | Identified the +11 sling of Crusades {freeze, rPois rC++
                  | Int-2}
  2046 | D:3      | Found a glowing silver altar of Zin.
  2046 | D:3      | Found a burning altar of Makhleb.
  2047 | D:3      | Noticed a blizzard demon
  2047 | D:3      | Noticed an angel
  2076 | D:3      | Reached XP level 4. HP: 35/35 MP: 5/7
  2129 | D:3      | Noticed Jessica
  2137 | D:3      | Killed Jessica
  2183 | D:3      | Found a sparkling altar of Nemelex Xobeh.
  2183 | D:3      | Found an ancient bone altar of Kikubaaqudgha.
  2184 | D:3      | Found a white marble altar of Elyvilon.
  2245 | D:3      | Identified the +1 robe of Tender Moments {Str-5 Int+2 SInv}
  2614 | D:3      | Reached skill level 4 in Transmutations
  2614 | D:3      | Reached XP level 5. HP: 26/40 MP: 2/9
  2684 | D:4      | HP: 5/40 [gnoll/+0 halberd (16)]
  2687 | D:4      | Reached skill level 3 in Spellcasting
  2742 | D:4      | Reached skill level 4 in Unarmed Combat
  2789 | D:4      | Learned a level 4 spell: Ice Form
  2804 | D:4      | Found a glowing drain.
  2818 | Sewer    | Entered a sewer
  3252 | Sewer    | Reached skill level 1 in Ice Magic
  3398 | D:4      | Reached XP level 6. HP: 46/47 MP: 7/10
  3532 | D:4      | Noticed Edmund
  3542 | D:4      | HP: 10/56 [Edmund/+6 flail of protection (12)]
  3720 | D:4      | You pick up a book of Hexes and begin reading...
  3720 | D:4      | You add the spells Inner Flame, Cause Fear and Discord to
                  | your library.
  3793 | D:5      | Entered Level 5 of the Dungeon
  3793 | D:5      | Found Teoth's Firing Range.
  3802 | D:5      | Reached skill level 5 in Transmutations
  3802 | D:5      | Reached skill level 2 in Ice Magic
  3939 | D:5      | Found a broken altar of Ashenzari.
  4108 | D:5      | You pick up a book of Vapours and begin reading...
  4108 | D:5      | You add the spells Poisonous Vapours, Cigotuvi's Dreadful
                  | Rot and Mephitic Cloud to your library.
  4167 | D:5      | Your scales start taking on a fiery red colour.
  4167 | D:5      | Reached XP level 7. HP: 52/52 MP: 7/12
  4167 | D:5      | Gained mutation: Your flesh is heat resistant. (rF+) [Red
                  | Draconian growth]
  4387 | D:5      | Found a bloodstained altar of Trog.
  4489 | D:5      | Found Tifoiz's Jewellery Emporium.
  4519 | D:5      | You pick up a book of Spatial Translocations and begin
                  | reading...
  4519 | D:5      | You add the spells Blink and Momentum Strike to your
                  | library.
  4617 | D:6      | Reached skill level 3 in Ice Magic
  4625 | D:6      | Reached skill level 4 in Spellcasting
  4735 | D:6      | Reached skill level 6 in Transmutations
  4927 | D:6      | Reached skill level 5 in Unarmed Combat
  4927 | D:6      | Reached XP level 8. HP: 59/59 MP: 8/14
  5288 | D:6      | Found a staircase to the Ecumenical Temple.
  5304 | Temple   | Entered the Ecumenical Temple
  5359 | Temple   | Became a worshipper of Ru the Awakened
  5827 | D:7      | Reached skill level 4 in Ice Magic
  5835 | D:7      | Reached skill level 7 in Transmutations
  5857 | D:6      | HP: 15/70 [killer bee (4)]
  5865 | D:6      | HP: 12/105 [killer bee (2)]
  6122 | D:7      | Found a flagged portal.
  6122 | D:7      | Found the +8 mithril axe "Arga" {speed, Will+}
  6135 | D:7      | Reached XP level 9. HP: 57/64 MP: 12/16
  6142 | Bailey   | Entered a bailey
  6327 | Bailey   | Reached skill level 5 in Spellcasting
  6397 | Bailey   | Noticed an orc high priest
  6402 | Bailey   | Noticed a red devil
  6507 | Bailey   | Reached skill level 5 in Ice Magic
  6689 | Bailey   | Reached skill level 6 in Unarmed Combat
  6698 | Bailey   | Reached skill level 8 in Transmutations
  7216 | Bailey   | Noticed a smoke demon
  7216 | Bailey   | Noticed a rust devil
  7249 | Bailey   | Noticed an ice devil
  7249 | Bailey   | Noticed a sixfirhy
  7353 | Bailey   | HP: 18/74 [orc warrior/+0 war axe (5)]
  7358 | Bailey   | HP: 4/74 [orc warrior/+0 war axe (9)]
  7583 | Bailey   | Noticed a hellwing
  7583 | Bailey   | Noticed a rust devil
  7586 | Bailey   | Killed an orc high priest
  7587 | Bailey   | Reached skill level 6 in Ice Magic
  7622 | Bailey   | Identified the +4 whip of Hepliaklqana, Baking {pain, *Rage
                  | rPois rC++ Int+2}
  7711 | Bailey   | Found an iron altar of Okawaru.
  7713 | Bailey   | Noticed an orc sorcerer
  7760 | Bailey   | Killed an orc sorcerer
  7761 | Bailey   | Reached skill level 9 in Transmutations
  7761 | Bailey   | Reached XP level 10. HP: 60/71 MP: 13/18
  7915 | D:7      | Acquired 1159 gold pieces
  8017 | D:7      | You pick up a book of the Spheres and begin reading...
  8017 | D:7      | You add the spells Iskenderun's Battlesphere, Fireball,
                  | Conjure Ball Lightning and Orb of Destruction to your
                  | library.
  8095 | D:7      | Reached skill level 6 in Spellcasting
  8277 | D:7      | Reached skill level 7 in Unarmed Combat
  8808 | D:7      | Learned a level 2 spell: Blink
  8808 | D:7      | Gained mutation: You cannot study or use magical devices.
                  | [Ru sacrifice]
  8808 | D:7      | Reached * piety under Ru
  8808 | D:7      | Reached ** piety under Ru
  8852 | D:8      | Noticed Joseph
  8862 | D:8      | Killed Joseph
  8863 | D:8      | Reached skill level 7 in Ice Magic
  8983 | D:8      | Found a shimmering altar of Xom.
  9091 | D:8      | Paralysed by a hornet for 2 turns
  9342 | D:8      | Reached skill level 10 in Transmutations
  9348 | D:8      | HP: 10/85 [something (22)]
  9519 | D:8      | Found the +5 robe of Night {Dark Will+ SInv}
  9595 | D:8      | Found a blossoming altar of Fedhas.
  9676 | D:8      | Noticed Grum
  9690 | D:8      | Killed Grum
 10017 | D:8      | You add the spells Sting and Olgreb's Toxic Radiance to
                  | your library.
 10072 | D:9      | Noticed a deep troll
 10072 | D:9      | Noticed a moth of wrath
 10072 | D:9      | Noticed a two-headed ogre
 10073 | D:9      | Noticed ma3's ghost (novice DjHs)
 10076 | D:9      | Found a bloodstained altar of Trog.
 10084 | D:9      | Noticed a two-headed ogre
 10092 | D:9      | Found a transporter.
 10096 | D:9      | Found a transporter.
 10137 | D:9      | Noticed a cyclops
 10142 | D:9      | HP: 6/85 [cyclops/large rock (29)]
 10713 | D:9      | Reached XP level 11. HP: 77/77 MP: 21/21
 10784 | D:9      | Found an ornate altar of the Wu Jian Council.
 11223 | D:9      | Found the +7 Throatcutter {drain, coup de grace}
 11234 | D:9      | Reached skill level 8 in Ice Magic
 11242 | D:9      | Reached skill level 7 in Spellcasting
 11251 | D:9      | Reached skill level 8 in Unarmed Combat
 11404 | D:10     | Entered Level 10 of the Dungeon
 11484 | D:10     | Noticed a death yak
 11484 | D:10     | Noticed a death yak
 11484 | D:10     | Noticed a death yak
 11486 | D:10     | Found a staircase to the Lair.
 11504 | D:10     | Killed a death yak
 11505 | D:10     | Reached skill level 2 in Dodging
 11512 | D:10     | Killed a death yak
 11513 | D:10     | Reached skill level 11 in Transmutations
 11515 | D:10     | HP: 20/94 [death yak (8)]
 11517 | D:10     | HP: 4/94 [death yak (17)]
 11518 | D:10     | Demolished by a death yak

Vanquished Creatures
  2 death yaks (D:10)
  An orc high priest (Bailey)
  An orc sorcerer (Bailey)
  A cyclops (D:9)
  Joseph (D:8)
  3 kobold demonologists (D:9)
  A hornet (D:8)
  3 dream sheep (D:8)
  3 yaks (D:9)
  2 shadows (D:8)
  A vampire (D:9)
  Grum (D:8)
  3 steam dragons
  4 water moccasins
  12 orc warriors
  3 ice beasts
  3 sky beasts
  2 black bears
  4 ogres
  3 wolves (D:8)
  2 centaurs
  6 kobold brigands
  A gnoll sergeant (D:6)
  2 scorpions
  3 bullfrogs
  A necrophage (D:5)
  3 wights (D:9)
  3 killer bees (D:6)
  4 electric eels (Bailey)
  4 orc priests
  2 hounds
  A jelly (D:7)
  Jessica (D:3)
  3 iguanas
  5 orc wizards
  3 hell rats (D:10)
  21 gnolls
  8 adders
  3 river rats (Sewer)
  A shadow imp (D:5)
  2 worms (D:2)
  3 dart slugs
  23 orcs
  2 bats
  6 endoplasms
  3 giant cockroaches
  9 goblins
  8 hobgoblins
  4 jackals (D:1)
  18 kobolds
  2 quokkas
  5 ball pythons
  6 frilled lizards (Sewer)
  3 rats
225 creatures vanquished.

Vanquished Creatures (others)
  A kobold (D:6)
1 creature vanquished.

Grand Total: 226 creatures vanquished

Table legend:
 A = Non-vault XP
 B = Vault XP
 C = Vault XP percentage of total XP
 D = Non-vault monster count
 E = Vault monster count
 F = Vault count percentage of total count
                 A         B        C        D         E       F
            +---------+---------+-------+---------+---------+-------
      Total |    6004 |    9341 |  60.9 |     136 |      89 |  39.6
            +---------+---------+-------+---------+---------+-------
        D:1 |      29 |       0 |   0.0 |      16 |       0 |   0.0
        D:2 |      50 |       0 |   0.0 |      11 |       0 |   0.0
        D:3 |      58 |      54 |  48.2 |       7 |       8 |  53.3
        D:4 |     260 |       4 |   1.5 |      18 |       2 |  10.0
        D:5 |     572 |       0 |   0.0 |      15 |       0 |   0.0
        D:6 |     982 |     132 |  11.8 |      21 |       1 |   4.5
        D:7 |    1203 |     761 |  38.7 |      18 |       5 |  21.7
        D:8 |     623 |    2089 |  77.0 |       9 |      10 |  52.6
        D:9 |    2227 |    1317 |  37.2 |      21 |       6 |  22.2
       D:10 |       0 |    1729 | 100.0 |       0 |       6 | 100.0
      Sewer |       0 |      89 | 100.0 |       0 |      14 | 100.0
     Bailey |       0 |    3166 | 100.0 |       0 |      37 | 100.0
            +---------+---------+-------+---------+---------+-------

Illustrated notes

Table legend:
 A = Kills in this place as a percentage of kills in entire the game.
 B = Kills by you in this place as a percentage of kills by you in the entire game.
 C = Kills by friends in this place as a percentage of kills by friends in the entire game.
 D = Other kills in this place as a percentage of other kills in the entire game.
 E = Experience gained in this place as a percentage of experience gained in the entire game.
 F = Experience gained in this place divided by the number of levels of this place that you have seen.
                   A       B       C       D       E      F
               +-------+-------+-------+-------+-------+----------------------
         Total | 100.0 | 100.0 |   N/A |   N/A | 100.0 | 1180.4
       Dungeon |  77.3 |  77.3 |   N/A |   N/A |  78.8 | 1209.0
         Sewer |   6.2 |   6.2 |   N/A |   N/A |   0.6 |  89.0
        Bailey |  16.4 |  16.4 |   N/A |   N/A |  20.6 | 3166.0
               +-------+-------+-------+-------+-------+----------------------

Table legend: (Time is in decaauts)
 A = Elapsed time spent in this place.
 B = Non-inter-level travel time spent in this place.
 C = Inter-level travel time spent in this place.
 D = Time resting spent in this place.
 E = Time spent auto-exploring this place.
 F = Levels seen in this place.
 G = Mean time per level.
                   A        B        C        D        E       F      G
               +--------+--------+--------+--------+--------+-----+--------+
         Total |  11525 |  11210 |    315 |   1125 |   7938 |  13 |  886.5 |
       Dungeon |   9123 |   8831 |    292 |    637 |   6799 |  10 |  912.3 |
        Temple |     91 |     69 |     22 |      0 |     44 |   1 |   91.0 |
         Sewer |    553 |    553 |      0 |      0 |    386 |   1 |  553.0 |
        Bailey |   1757 |   1757 |      0 |    488 |    708 |   1 | 1757.0 |
               +--------+--------+--------+--------+--------+-----+--------+

Top non-repeatable levels by time:
  Bailey: 1757 daAuts
     D:6: 1337 daAuts
     D:9: 1332 daAuts
     D:8: 1237 daAuts
     D:2: 1146 daAuts
     D:7: 1010 daAuts
     D:3: 842 daAuts
     D:5: 810 daAuts
     D:1: 778 daAuts
   Sewer: 553 daAuts
     D:4: 519 daAuts
    D:10: 109 daAuts
  Temple: 91 daAuts
